 Dungeon Crawl Stone Soup version 0.31-a0-237-g2d982f9f85 (webtiles) character file.

Game seed: 14762385763261278750

407 qw the Shooter (level 6, 0/37 HPs)
             Began as a Gargoyle Hexslinger on July 10, 2023.
             Slain by a quokka (2 damage)
             ... summoned by Eustachio
             ... on level 4 of the Dungeon.
             The game lasted 00:01:06 (2146 turns).

qw the Shooter (Gargoyle Hexslinger)                Turns: 2146, Time: 00:01:07

Health: 0/37       AC:  9    Str: 11    XL:     6   Next: 88%
Magic:  7/7        EV: 10    Int: 14    God:
Gold:   170        SH:  0    Dex: 20    Spells: 6/7 levels left

rFire   . . .        Y - +2 sling
rCold   . . .        (no shield)
rNeg    + . .        c - +0 ring mail
rPois   inf          (no helmet)
rElec   +            (no cloak)
rCorr   .            (no gloves)
SInv    .            (no boots)
Will    .....        (no amulet)
Stlth   +            j - +6 ring of dexterity
HPRegen 0.26/turn    (no ring)
MPRegen 0.10/turn

%: no passive effects
@: about to teleport
A: sickness immunity, AC +4, negative energy resistance 1, electricity
resistance, torment resistance 1, petrification resistance
a: no special abilities


You were on level 4 of the Dungeon.
You visited 1 branch of the dungeon, and saw 4 of its levels.

You collected 170 gold pieces.


Innate Abilities, Weirdness & Mutations

You are immune to sickness and miasma.
Your stone body is resilient. (AC +4)
You are immune to poison.
You resist negative energy. (rN+)
You are resistant to electric shocks. (rElec)
You are resistant to unholy torment.
You are immune to petrification.


   Skills:
 + Level 3.6 Fighting
 - Level 6.1 Ranged Weapons
 - Level 1.0 Armour
 - Level 1.5 Dodging
 - Level 1.0 Spellcasting
 - Level 2.6 Hexes


You had 6 spell levels left.
You knew the following spells:

 Your Spells              Type           Power      Damage    Failure   Level
a - Slow                  Hex            32%        N/A       21%         1

Your spell library contained the following spells:

 Spells                   Type           Power      Damage    Failure   Level
 Inner Flame              Hex/Fire       4%         N/A       71%         3
 Portal Projectile        Hex/Tloc       8%         N/A       71%         3
 Cause Fear               Hex            4%         N/A       90%         4

Inventory:

Hand Weapons
 Y - a +2 sling (weapon)
Armour
 c - a +0 ring mail (worn)
Jewellery
 j - a +6 ring of dexterity (left hand)
Scrolls
 a - a scroll of identify
 e - a scroll of enchant armour
 f - 2 scrolls of teleportation
Potions
 d - a potion of resistance
 g - a potion of mutation
 h - a potion of haste
 i - a potion of degeneration {unknown}

Dungeon Overview and Level Annotations

Branches:
Dungeon (4/15)
 Temple: D:4-7

Altars:
Dithmenos
Qazlal
Sif Muna

Annotations:
D:4 Eustachio


Message History

The bat closely misses you. The quokka closely misses you.
The quokka bites you but does no damage.
Eustachio closely misses you. The quokka barely misses you.
The quokka closely misses you.
You shoot a sling bullet.
The sling bullet completely misses Eustachio.
The bat hits you but does no damage. The quokka closely misses you.
Eustachio closely misses you. The quokka closely misses you.
You shoot a sling bullet. The sling bullet misses Eustachio.
The bat closely misses you. The quokka closely misses you.
The quokka bites you.
Eustachio yells, "Perjured traitor, DIE!"
Eustachio closely misses you.
The quokka bites you but does no damage.
The quokka barely misses you.
Eustachio calls on the powers of shadow!
Eustachio hits you with a +0 falchion.
2143 ||| READING 3 scrolls of teleportation.
As you read the scroll of teleportation, it crumbles to dust.
You feel strangely unstable. The quokka closely misses you.
The quokka bites you but does no damage.
Eustachio misses you.
You shoot a sling bullet. The sling bullet misses Eustachio.
The bat hits you but does no damage.
The quokka bites you but does no damage.
The quokka barely misses you. The bat hits you.
Eustachio hits you with a +0 falchion.
The quokka bites you but does no damage.
The quokka misses you.
You shoot a sling bullet. The sling bullet hits Eustachio.
Eustachio is severely wounded.
The bat hits you but does no damage. Eustachio hits you with a +0 falchion.
The quokka misses you.
The quokka bites you but does no damage.
You shoot a sling bullet. The sling bullet hits Eustachio.
Eustachio is severely wounded.
The bat hits you but does no damage.
The quokka bites you but does no damage.
The quokka bites you.
You die...

#..... ......
..##....#
........##########
..................
.................
#...............
#....@...$....@.
.##.....@b........
.......###... ..
.###.... ... .
..... .#...


You could see Eustachio (strong), 2 quokkas and a bat (summoned).

Vanquished Creatures
  Menkaure (D:4)
  A black bear (D:3)
  A sky beast (D:3)
  A gnoll (D:2)
  An adder (D:2)
  2 dart slugs
  3 orcs (D:3)
  2 ball pythons
  5 endoplasms
  4 giant cockroaches
  7 goblins
  11 hobgoblins
  6 jackals
  2 quokkas
  9 bats
  6 frilled lizards
  4 kobolds (D:1)
  8 rats
74 creatures vanquished.

Notes
Turn   | Place    | Note
-------+----------+-------------------------------------------
     0 | D:1      | qw the Gargoyle Hexslinger began the quest for the Orb.
     0 | D:1      | Reached XP level 1. HP: 12/12 MP: 2/2
     0 | D:1      | 0 ||| qw: Version: 0.3-a-52-g30416fa
     0 | D:1      | 0 ||| qw: Game counter: 5326
     0 | D:1      | 0 ||| qw: Melee chars always use a shield: true
     0 | D:1      | 0 ||| qw: God list: Okawaru
     0 | D:1      | 0 ||| qw: Allow faded altars: false
     0 | D:1      | 0 ||| qw: Do Orc after clearing Dungeon:15 true
     0 | D:1      | 0 ||| qw: Do second Lair branch before Depths: true
     0 | D:1      | 0 ||| qw: Lair rune preference: random
     0 | D:1      | 0 ||| qw: Goals: Normal
     0 | D:1      | 0 ||| PLANNING D:1-11
     3 | D:1      | Noticed an electric eel
     4 | D:1      | Noticed an electric eel
    94 | D:1      | Reached XP level 2. HP: 16/16 MP: 3/3
   230 | D:1      | Reached skill level 3 in Ranged Weapons
   401 | D:1      | Reached XP level 3. HP: 21/21 MP: 4/4
   697 | D:1      | 697 ||| UPGRADING to +0 leather armour.
   707 | D:1      | 707 ||| DROPPING +0 robe.
   708 | D:1      | 708 ||| READING 2 scrolls labelled BUAXIRGHOU.
   709 | D:1      | 709 ||| READING 2 scrolls labelled EGUSOI VAAR.
   710 | D:1      | 710 ||| READING scroll labelled OSAJINW KECIBANEO.
   711 | D:1      | 711 ||| DROPPING scroll of poison.
  1146 | D:2      | Reached XP level 4. HP: 26/26 MP: 5/5
  1216 | D:2      | Reached skill level 4 in Ranged Weapons
  1313 | D:2      | 1313 ||| UPGRADING to +6 ring of dexterity.
  1314 | D:2      | 1314 ||| READING scroll labelled NIUROFR HAMA.
  1315 | D:2      | 1315 ||| READING 4 scrolls labelled QAGREF TOTESA.
  1320 | D:2      | 1320 ||| READING scroll labelled WUICSOWAOCE.
  1321 | D:2      | 1321 ||| DRINKING 2 murky cyan potions.
  1562 | D:3      | Found a shadowy altar of Dithmenos.
  1563 | D:3      | Found a shimmering blue altar of Sif Muna.
  1592 | D:3      | Found a stormy altar of Qazlal.
  1592 | D:3      | Noticed a sky beast
  1608 | D:3      | Killed a sky beast
  1609 | D:3      | Reached skill level 5 in Ranged Weapons
  1609 | D:3      | Reached XP level 5. HP: 18/30 MP: 6/6
  1657 | D:3      | 1657 ||| UPGRADING to +0 ring mail.
  1668 | D:3      | 1668 ||| DROPPING +0 leather armour.
  1810 | D:3      | Reached skill level 1 in Armour
  1964 | D:3      | Noticed a black bear
  1972 | D:3      | Killed a black bear
  1973 | D:3      | Reached skill level 3 in Fighting
  1973 | D:3      | Reached XP level 6. HP: 37/37 MP: 7/7
  2012 | D:3      | 2012 ||| READING 2 scrolls labelled DIBRUYN LYWOU.
  2013 | D:3      | 2013 ||| DRINKING 2 bubbling yellow potions.
  2014 | D:3      | 2014 ||| DRINKING 2 viscous dark potions.
  2015 | D:3      | 2015 ||| DRINKING potion of curing.
  2015 | D:3      | 2015 ||| (to cure confusion)
  2016 | D:3      | 2016 ||| READING 3 scrolls of identify.
  2016 | D:3      | 2016 ||| IDENTIFYING amethyst potion
  2017 | D:3      | 2017 ||| READING 2 scrolls of identify.
  2017 | D:3      | 2017 ||| IDENTIFYING purple potion
  2018 | D:3      | 2018 ||| DROPPING scroll of revelation.
  2019 | D:3      | 2019 ||| DROPPING potion of ambrosia.
  2043 | D:4      | 2043 ||| PLANNING OSSUARY
  2046 | D:4      | Noticed Menkaure
  2057 | D:4      | Killed Menkaure
  2057 | D:4      | Noticed Eustachio
  2058 | D:4      | Reached skill level 6 in Ranged Weapons
  2058 | D:4      | 2058 ||| FLEEEEING.
  2059 | D:4      | 2059 ||| FLEEEEING.
  2061 | D:4      | 2061 ||| STAIRDANCE
  2142 | D:4      | HP: 8/37 [Eustachio/+0 falchion (4)]
  2143 | D:4      | 2143 ||| READING 3 scrolls of teleportation.
  2145 | D:4      | HP: 2/37 [Eustachio/+0 falchion (3)]
  2146 | D:4      | Slain by a quokka

Levels and vault maps discovered:
D:1:      arrival_aquarium_b, layout_loops_ring, hangedman_decor_points,
          dreamdust_mushroom_princess, minmay_hexomino_u4
D:2:      layout_rooms, serial_park_tiny_pond, cheibrodos_gnoll_hut
D:3:      layout_loops_ring, nicolae_qazlal_beasts_of_the_sky,
          nicolae_overflow_squiral
D:4:      layout_cave_pools, nicolae_temple_entry_ecumenical, enter_ossuary_3,
          nicolae_wooded_promenade, chequers_jeans, uniq_robin, uniq_eustachio,
          uniq_grinder, uniq_menkaure

Skill      XL: |  1  2  3  4  5  6 |
---------------+-------------------+-----
Ranged Weapons | 3 5 6 |  6.1
Fighting       | 2 3 |  3.6
Armour         | 1 |  1.0
Dodging        | |  1.5
Spellcasting   | |  1.0
Hexes          | |  2.6

Action                     |  1- 3 |  4- 6 || total
---------------------------+-------+-------++-------
   Fire: Sling             |   120 |   145 ||   265
    Use: Scroll            |     3 |     7 ||    10
         Potion            |       |     4 ||     4
 Armour: Robe              |     3 |       ||     3
         Leather armour    |    11 |    17 ||    28
         Ring mail         |       |    42 ||    42
  Dodge: Dodged            |    38 |    94 ||   132

Table legend:
 A = Non-vault XP
 B = Vault XP
 C = Vault XP percentage of total XP
 D = Non-vault monster count
 E = Vault monster count
 F = Vault count percentage of total count
                 A         B        C        D         E       F
            +---------+---------+-------+---------+---------+-------
      Total |     255 |     327 |  56.2 |      65 |       9 |  12.2
            +---------+---------+-------+---------+---------+-------
        D:1 |      32 |       7 |  17.9 |      19 |       4 |  17.4
        D:2 |      43 |      19 |  30.6 |      18 |       3 |  14.3
        D:3 |     175 |     129 |  42.4 |      25 |       1 |   3.8
        D:4 |       5 |     172 |  97.2 |       3 |       1 |  25.0
            +---------+---------+-------+---------+---------+-------
